 Dungeon Crawl Stone Soup version 0.18.1-48-g4cf74bf (webtiles) character file.

106 alexandrvrp the Skirmisher (level 4, -3/37 HPs)
             Began as a Demonspawn Fighter on June 25, 2016.
             Was a Follower of Jiyva.
             Slain by Reyan's ghost (10 damage)
             ... on level 3 of the Dungeon.
             The game lasted 00:06:25 (2023 turns).

alexandrvrp the Skirmisher (Demonspawn Fighter)     Turns: 2023, Time: 00:06:26

Health: -3/37      AC:  6    Str: 17    XL:     4   Next: 55%
Magic:  4/4        EV:  7    Int: 10    God:    Jiyva [*.....]
Gold:   144        SH:  9    Dex: 12    Spells: 0 memorised, 3 levels left

rFire  . . .     SeeInvis .     a - +0 long sword
rCold  . . .     Gourm    .     b - +0 scale mail
rNeg   . . .     Faith    .     c - +0 shield
rPois  .         Spirit   .     (no helmet)
rElec  .         Dismiss  .     (no cloak)
rCorr  .         Reflect  .     (no gloves)
SustAt +         Harm     .     (no boots)
MR     .....                    (no amulet)
Stlth  +.........               (no ring)
                                m - ring of sustain attributes

@: not resistant to hostile enchantments, very unstealthy
A: nightstalker 1
a: Request Jelly, Renounce Religion


You were on level 3 of the Dungeon.
You worshipped Jiyva.
Jiyva was aware of your devotion.
You were not hungry.

You visited 1 branch of the dungeon, and saw 4 of its levels.

You collected 144 gold pieces.

Inventory:

Hand Weapons
 a - a +0 long sword (weapon)
Armour
 b - a +0 scale mail (worn)
 c - a +0 shield (worn)
Jewellery
 m - a ring of sustain attributes (left hand)
Scrolls
 e - a scroll of fog {unknown}
 g - a scroll of blinking {unknown}
 i - a scroll of enchant armour {unknown}
 j - a scroll of amnesia {unknown}
 k - a scroll of identify {unknown}
 l - 3 scrolls of noise {unknown}
 n - a scroll of teleportation {unknown}
 o - 2 scrolls of random uselessness {unknown}
Potions
 d - a potion of might
 h - 2 potions of heal wounds {unknown}
 r - 2 potions of brilliance {unknown}
Comestibles
 f - a bread ration
 p - 2 meat rations


   Skills:
 * Level 3.7 Fighting
 * Level 2.5 Long Blades
 * Level 3.3 Armour
 + Level 1.2 Dodging
 + Level 3.0 Shields


You had 3 spell levels left.
You didn't know any spells.

Dungeon Overview and Level Annotations

Branches:
Dungeon (4/15)
 Temple: D:4-7

Altars:
The Shining One
Jiyva

Annotations:
D:3 Reyan's ghost, weakling DsFi


Innate Abilities, Weirdness & Mutations

You are slightly more attuned to the shadows.


Message History

Reyan's ghost closely misses you.
You hit Reyan's ghost.
Reyan's ghost is moderately damaged.
Reyan's ghost hits you!
You slash Reyan's ghost!
Reyan's ghost is severely damaged.
Reyan's ghost hits you but does no damage. x2
You hit Reyan's ghost.
Reyan's ghost is severely damaged.
Reyan's ghost hits you!
You hit Reyan's ghost but do no damage.
Reyan's ghost is severely damaged.
Reyan's ghost shrieks, "You must not fail where I succeeded!"
Reyan's ghost hits you but does no damage.
You hit Reyan's ghost but do no damage.
Reyan's ghost is severely damaged.
Reyan's ghost hits you.
* * * LOW HITPOINT WARNING * * *
Reyan's ghost hits you!
You die...

######### #...<...#
#..)....# #.......#
#.......###
#..........
#........##
#.@W.....#
#......#.# .....#
####(###.# .....#
####)###.##.....#
##..............##
............#...).
#....###.[..#..####
#.... #†.........#
.....###....##.....


You could see Reyan's ghost.

Vanquished Creatures
  A worker ant (D:4)
  An ooze (D:1)
  A worm (D:2)
  2 dart slugs (D:1)
  A giant gecko (D:3)
  2 orcs (D:3)
  A ball python (D:1)
  5 bats
  4 giant cockroaches (D:2)
  9 goblins
  7 hobgoblins
  6 jackals
  2 quokkas
  4 giant newts (D:1)
  9 kobolds
  7 rats
62 creatures vanquished.

Notes
Turn   | Place    | Note
--------------------------------------------------------------
     0 | D:1      | alexandrvrp the Demonspawn Fighter began the quest for the Orb.
     0 | D:1      | Reached XP level 1. HP: 18/18 MP: 1/1
   330 | D:1      | Gained mutation: You are slightly more attuned to the shadows. [demonic ancestry]
   330 | D:1      | Reached XP level 2. HP: 24/24 MP: 2/2
   838 | D:1      | Reached XP level 3. HP: 29/29 MP: 3/3
  1079 | D:2      | Found a faded altar to an unknown god.
  1128 | D:2      | Found a glowing golden altar of the Shining One.
  1136 | D:2      | Reached skill level 1 in Dodging
  1657 | D:2      | Became a worshipper of Jiyva Jekove the Shapeless
  1657 | D:2      | Reached * piety under Jiyva
  1771 | D:3      | Reached XP level 4. HP: 28/35 MP: 4/4
  1839 | D:3      | Noticed Reyan's ghost (weakling DsFi)
  2023 | D:3      | Slain by Reyan's ghost

Skill      XL: |  1  2  3 |
---------------+----------+-----
Armour         | 3 |  3.3
Long Blades    | 2 |  2.5
Shields        | 3 |  3.0
Dodging        | 1 |  1.2
Fighting       | |  3.7

Action                   |  1- 3 |  4- 6 || total
-------------------------+-------+-------++-------
Melee: Long sword        |   189 |    44 ||   233
  Eat: Chunk             |     2 |       ||     2
       Bread ration      |     1 |       ||     1
Armor: Scale mail        |    94 |    11 ||   105
Dodge: Dodged            |    77 |    13 ||    90
Block: Shield            |   104 |    25 ||   129
